 Dungeon Crawl Stone Soup version 0.32-a0-699-g1ee5eff69a (webtiles) character file.

Game seed: 4638300579501344120

16 growler the Magician (level 2, 0/21 HPs)
             Began as a Djinni Fire Elementalist on Mar 13, 2024.
             Slain by a jackal (1 damage)
             ... on level 1 of the Dungeon.
             The game lasted 00:01:21 (320 turns).

growler the Magician (Djinni Fire Elementalist)      Turns: 320, Time: 00:01:22

Health: 0/21       AC:  2    Str:  7    XL:     2   Next: 70%
Gold:   22         EV: 11    Int: 16    God:
                   SH:  0    Dex: 13

rFire   + + .        (no weapon)
rCold   x . .        (no shield)
rNeg    . . .        a - +0 robe
rPois   ∞            (no helmet)
rElec   .            (no cloak)
rCorr   .            (no gloves)
SInv    .            (boots unavailable)
Will    .....        (no amulet)
Stlth   ++           (no ring)
HPRegen 0.23/turn    (no ring)
MPRegen 0.00/turn

%: infuse magic (-1 HP)
@: flying, very slightly contaminated
A: sickness immunity, fire resistance 2, cold vulnerability 1, float, innate
caster, HP casting, extra vitality 1
a: no special abilities


You were on level 1 of the Dungeon.
You visited 1 branch of the dungeon, and saw 1 of its levels.

You collected 22 gold pieces.

Inventory:

Armour
 a - a +0 robe (worn)


   Skills:
 + Level 2.6 Dodging
 + Level 2.0 Stealth
 + Level 3.3 Spellcasting
 + Level 3.3 Conjurations
 + Level 3.3 Hexes
 + Level 3.3 Summonings
 + Level 3.3 Necromancy
 + Level 3.3 Translocations
 + Level 3.3 Fire Magic
 + Level 3.3 Ice Magic
 + Level 3.3 Air Magic
 + Level 3.3 Earth Magic
 + Level 3.3 Alchemy


You knew the following spells:

 Your Spells              Type           Power      Damage    Failure   Level
a - Foxfire               Conj/Fire      52%        2x1d6     4%          1
b - Scorch                Fire           26%        2d6       7%          2
c - Volatile Blastmotes   Fire/Tloc      26%        2d12      14%         3
d - Inner Flame           Hex/Fire       13%        N/A       14%         3
e - Flame Wave            Conj/Fire      13%        2d6       43%         4
Your spell library was empty.

Dungeon Overview and Level Annotations

Branches:
Dungeon (1/15)

Altars:


Innate Abilities, Weirdness & Mutations

You are immune to sickness and miasma.
You are immune to poison.
Your flesh is very heat resistant. (rF++)
You are vulnerable to cold. (rC-)
You float through the air rather than walking.
You learn spells naturally, not from books.
Your magical power is your life essence.
You have superior vitality. (+4 MHP)


Message History

The hobgoblin is almost dead.
The hobgoblin attacks as it pursues you!
The hobgoblin barely misses you.
Your magical contamination has completely faded away.
Your Stealth skill increases to level 2!
Casting: Foxfire (safe; 4% risk of failure)
Confirm with . or Enter, or press ? or * to list all spells.
You miscast Foxfire.
You are very lightly contaminated with residual magic.
Nothing appears to happen.
* * * LOW HITPOINT WARNING * * *
The jackal barely misses you. The hobgoblin closely misses you.
The jackal bites you.
* * * LOW HITPOINT WARNING * * *
Casting: Foxfire (safe; 4% risk of failure)
Confirm with . or Enter, or press ? or * to list all spells.
You conjure some foxfire!
* * * LOW HITPOINT WARNING * * *
The hobgoblin barely misses you.
The jackal bites you but does no damage.
Your foxfire dissipates!
The foxfire hits the hobgoblin.
You kill the hobgoblin!
The jackal attacks as it pursues you! The jackal closely misses you.
Casting: Foxfire (safe; 4% risk of failure)
Confirm with . or Enter, or press ? or * to list all spells.
You conjure some foxfire!
* * * LOW HITPOINT WARNING * * *
The jackal closely misses you. The jackal barely misses you.
Your foxfire dissipates!
The foxfire hits the jackal but does no damage.
The jackal bites you.
* * * LOW HITPOINT WARNING * * *
Unknown command.
Casting: Foxfire (safe; 4% risk of failure)
Confirm with . or Enter, or press ? or * to list all spells.
You conjure some foxfire!
* * * LOW HITPOINT WARNING * * *
The jackal closely misses you. The jackal bites you.
You die...

###########
#..h.......
#.@v.####..
##..v..## ..#
####.......##..### #
................h.
..
####..(....###..##.
##...†..#)......
###......##.##..# .#
............##>.##.#
#.#...#..†.........#


You could see a jackal (ally target).

Vanquished Creatures
  A ball python (D:1)
  3 bats (D:1)
  3 goblins (D:1)
  2 hobgoblins (D:1)
  2 jackals (D:1)
  A quokka (D:1)
  A frilled lizard (D:1)
13 creatures vanquished.

Vanquished Creatures (others)
  30 foxfires (D:1)
30 creatures vanquished.

Grand Total: 43 creatures vanquished

Notes
Turn   | Place    | Note
-------+----------+-------------------------------------------
     0 | D:1      | growler the Djinni Fire Elementalist began the quest for
                  | the Orb.
     0 | D:1      | growler set off with the following spells memorised:
                  | Foxfire, Scorch, Volatile Blastmotes, Inner Flame, Flame
                  | Wave.
     0 | D:1      | Reached XP level 1. HP: 15/15 MP: 0/0
   170 | D:1      | Reached XP level 2. HP: 21/21 MP: 0/0
   320 | D:1      | Slain by a jackal

Illustrated notes

Levels and vault maps discovered:
D:1:      tarquinn_simple_flora_water_e, layout_loops_ring,
          shapermc_ecumenical_altar_notcrosses, minmay_small_reverse_x

Skill      XL: |  1  2 |
---------------+-------+-----
Stealth        | 2 |  2.0
Dodging        | |  2.6
Spellcasting   | |  3.3
Conjurations   | |  3.3
Hexes          | |  3.3
Summonings     | |  3.3
Necromancy     | |  3.3
Translocations | |  3.3
Fire Magic     | |  3.3
Ice Magic      | |  3.3
Air Magic      | |  3.3
Earth Magic    | |  3.3
Alchemy        | |  3.3

Action                     || total
---------------------------++-------
  Melee: Unarmed           ||     7
   Cast: Foxfire           ||    20
   Stab: Sleeping          ||     1
 Armour: Robe              ||    26
  Dodge: Dodged            ||    31

Table legend: (Time is in decaauts)
 A = Elapsed time spent in this place.
 B = Non-inter-level travel time spent in this place.
 C = Inter-level travel time spent in this place.
 D = Time resting spent in this place.
 E = Time spent auto-exploring this place.
 F = Levels seen in this place.
 G = Mean time per level.
                   A        B        C        D        E       F      G
               +--------+--------+--------+--------+--------+-----+--------+
         Total |    320 |    320 |      0 |      0 |    238 |   1 |  320.0 |
       Dungeon |    320 |    320 |      0 |      0 |    238 |   1 |  320.0 |
               +--------+--------+--------+--------+--------+-----+--------+

Top non-repeatable levels by time:
     D:1: 320 daAuts
